 Dungeon Crawl Stone Soup version 0.28-b1-38-gff268fdeb9 (webtiles) character file.

Game seed: 16294234299107624572

106 Cykl0x the Conjurer (level 4, -9/24 HPs)
             Began as a Gargoyle Conjurer on Feb 3, 2022.
             Mangled by a gnoll (10 damage)
             ... on level 2 of the Dungeon.
             The game lasted 00:05:21 (3114 turns).

Cykl0x the Conjurer (Gargoyle Conjurer)             Turns: 3114, Time: 00:05:21

Health: -9/24      AC:  8    Str: 11    XL:     4   Next: 84%
Magic:  1/7        EV: 10    Int: 20    God:
Gold:   101        SH:  0    Dex:  8    Spells: 1/7 levels left

rFire   . . .      SeeInvis .   g - +1 long sword (holy)
rCold   . . .      Faith    .   (no shield)
rNeg    + . .      Spirit   .   k - +0 ring mail
rPois   ∞          Reflect  .   (no helmet)
rElec   +          Harm     .   (no cloak)
rCorr   .          Rampage  .   (no gloves)
Will    .....                   (no boots)
Stlth   +.........              (no amulet)
HPRegen 0.08/turn               (no ring)
MPRegen 0.10/turn               (no ring)

@: very slightly contaminated
A: sickness immunity, AC +3, negative energy resistance 1, electricity
resistance, torment resistance 1, petrification resistance
a: no special abilities


You were on level 2 of the Dungeon.
You visited 1 branch of the dungeon, and saw 2 of its levels.

You collected 101 gold pieces.

Inventory:

Hand Weapons
 b - a +0 dagger
 d - a +0 short sword
 f - a +0 short sword of flaming
 g - a +1 long sword of holy wrath (weapon)
Armour
 a - a +0 robe
 i - a +0 leather armour
 k - a +0 ring mail (worn)
Jewellery
 e - a ring of positive energy
Scrolls
 c - a scroll of teleportation
 j - a scroll of silence {unknown}
Potions
 h - a potion of heal wounds {unknown}


   Skills:
 * Level 0.8 Fighting
 * Level 0.9 Long Blades
 * Level 1.4 Armour
 + Level 2.0 Dodging
 - Level 2.1 Stealth
 + Level 2.4 Spellcasting
 + Level 5.2 Conjurations
 * Level 0.8 Hexes


You had one spell level left.
You knew the following spells:

 Your Spells              Type           Power      Damage    Failure   Level
a - Magic Dart            Conj           92%        1d7       4%          1
b - Searing Ray           Conj           46%        2d6       6%          2
c - Mephitic Cloud        Conj/Pois/Air  9%         N/A       45%         3

Your spell library contained the following spells:

 Spells                   Type           Power      Damage    Failure   Level
 Dazzling Flash           Conj/Hex       28%        N/A       30%         3
 Call Imp                 Summ           2%         N/A       47%         2
 Confusing Touch          Hex            6%         N/A       58%         3
 Fulminant Prism          Conj/Hex       7%         3d7       69%         4
 Iskenderun's Mystic Bla  Conj/Tloc      13%        2d5       75%         4
 Yara's Violent Unravell  Hex/Tmut       2%         3d3       100%        5
 Enfeeble                 Hex            3%         N/A       100%        7


Dungeon Overview and Level Annotations

Branches:
Dungeon (2/15)

Altars:


Innate Abilities, Weirdness & Mutations

You are immune to sickness and miasma.
Your stone body is resilient. (AC +3)
You are immune to poison.
You resist negative energy. (rN+)
You are resistant to electric shocks. (rElec)
You are resistant to unholy torment.
You are immune to petrification.


Message History

The gnoll barely misses you. The gnoll closely misses you.
Casting: Searing Ray (safe; 6% risk of failure)
Confirm with . or Enter, or press ? or * to list all spells.
The spell is potentially lethal to miscast (45% risk of failure)!
Continue anyway?
Aiming: Mephitic Cloud (potentially lethal; 45% risk of failure)
Press: ? - help, Shift-Dir - straight line, p - gnoll You miscast Mephitic Cloud.
You are very lightly contaminated with residual magic.
Nothing appears to happen.
The gnoll barely misses you. The gnoll closely misses you.
Casting: Mephitic Cloud (potentially lethal; 45% risk of failure)
Confirm with . or Enter, or press ? or * to list all spells.
The spell is potentially lethal to miscast (45% risk of failure)!
Continue anyway?
Aiming: Mephitic Cloud (potentially lethal; 45% risk of failure)
Press: ? - help, Shift-Dir - straight line You miscast Mephitic Cloud.
Nothing appears to happen.
The gnoll hits you from afar with a +0 halberd.
You barely miss the gnoll. The gnoll barely misses you.
The gnoll hits you with a +0 flail.
The gnoll splashes around in the water.
You slash the gnoll!
The gnoll is severely wounded.
The gnoll barely misses you. x2
You slash the gnoll!
You kill the gnoll!
The gnoll hits you from afar with a +0 halberd!
* * * LOW HITPOINT WARNING * * *
The gnoll closely misses you. The gnoll misses you.
You are too injured to fight recklessly!
You are too injured to fight recklessly!
You are too injured to fight recklessly!
The gnoll hits you with a +0 flail.
* * * LOW HITPOINT WARNING * * *
The gnoll closely misses you.
You hit the gnoll.
The gnoll is lightly wounded.
The gnoll splashes around in the water.
The gnoll hits you with a +0 halberd.
* * * LOW HITPOINT WARNING * * *
The gnoll hits you with a +0 flail!
You die...

.....###...#.#.#.#≈≈≈###.........
...###...###<#.#.# #≈≈##....(....
.###...###.#.....###≈≈##.........
..##..##...#.#...##.≈≈..........#
...##....###.###.#..≈≈..........#
....##..##.#.# #.≈..≈≈.≈.########
.....##....#.###.≈≈≈≈≈...#####
......##..##.##.g....≈≈......#
#......##..#....@.≈.≈≈≈..###.##
##......##.#.##).g≈.≈≈...##...#
##......#####...≈..≈≈≈..##...#
##......## #...≈≈.≈≈≈..##...#
###......# #.....≈≈≈≈.......#
###......#+# #......≈....#.#[##
#......### #......≈≈..>#.#.#
.....### #.....≈.≈.###.#.# ...###
#.....≈≈≈≈###.#.####


You could see 2 gnolls.

Vanquished Creatures
  3 gnolls
  A howler monkey skeleton (D:2)
  An adder (D:2)
  A dart slug (D:2)
  4 endoplasms
  4 giant cockroaches
  4 goblins
  5 hobgoblins
  3 jackals (D:1)
  7 kobolds (D:1)
  4 ball pythons (D:1)
  8 bats
  3 frilled lizards
  4 rats
52 creatures vanquished.

Notes
Turn   | Place    | Note
-------+----------+-------------------------------------------
     0 | D:1      | Cykl0x the Gargoyle Conjurer began the quest for the Orb.
     0 | D:1      | Reached XP level 1. HP: 10/10 MP: 3/3
   306 | D:1      | Reached XP level 2. HP: 15/15 MP: 1/5
   309 | D:1      | Learned a level 2 spell: Searing Ray
   804 | D:1      | Reached XP level 3. HP: 20/20 MP: 0/6
  1130 | D:1      | Learned a level 3 spell: Mephitic Cloud
  1303 | D:1      | Reached skill level 5 in Conjurations
  2124 | D:2      | Reached XP level 4. HP: 24/24 MP: 2/7
  2779 | D:2      | Reached skill level 1 in Armour
  3114 | D:2      | HP: 1/24 [gnoll (2)]
  3114 | D:2      | Mangled by a gnoll

Illustrated notes

Levels and vault maps discovered:
D:1:      psy_arrival_terrarium, layout_loops_corners, hangedman_decor_riveting
D:2:      minmay_razor_zed, layout_basic, serial_rivers,
          chequers_serial_rivers_micro_d, chequers_serial_rivers_small_3,
          chequers_serial_rivers_small_3, chequers_serial_rivers_large_b,
          chequers_serial_rivers_small_a

Skill      XL: |  1  2  3  4 |
---------------+-------------+-----
Conjurations   | 5 |  5.2
Dodging        | 2 |  2.0
Armour         | 1 |  1.4
Fighting       | |  0.8
Long Blades    | |  0.9
Stealth        | |  2.1
Spellcasting   | |  2.4
Hexes          | |  0.8

Action                   |  1- 3 |  4- 6 || total
-------------------------+-------+-------++-------
Melee: Long sword        |    11 |    14 ||    25
       Short sword       |     8 |       ||     8
 Cast: Magic Dart        |    45 |     6 ||    51
       Searing Ray       |     9 |     5 ||    14
       Mephitic Cloud    |     2 |     1 ||     3
  Use: Scroll            |       |     1 ||     1
Armor: Robe              |    15 |       ||    15
       Ring mail         |       |     7 ||     7
       Leather armour    |       |     1 ||     1
Dodge: Dodged            |    30 |    20 ||    50
